 Dungeon Sprint DCSS version 0.18-a0-1677-g2bdad6c (console) character file.

17412 sorlin the Grand Gadgeteer (level 12, -1/64 HPs)
             Began as a Spriggan Artificer on Apr 2, 2016.
             Was the Champion of Pakellas.
             Slain by a spriggan defender
             ... wielding a +2 flail of crushing
              (3 damage)
             ... in the Dungeon (Sprint IV: "Fedhas' Mad Dash").
             The game lasted 00:24:04 (4601 turns).

sorlin the Grand Gadgeteer (Spriggan Artificer)     Turns: 4601, Time: 00:24:05

Health: -1/64      AC:  6    Str:  7    XL:     12   Next: 18%
Magic:  29/29      EV: 33    Int: 14    God:    Pakellas [******]
Gold:   472        SH:  0    Dex: 21    Spells: 0 memorised, 11 levels left

rFire  . . .     SeeInvis +     q - +4 lightning rod (3/9) {!a@w1}
rCold  . . .     Gourm    .     y - +2 robe
rNeg   . . .     Faith    +     (shield restricted)
rPois  .         Spirit   .     (helmet restricted)
rElec  .         Dismiss  .     A - +1 cloak {+Inv}
rCorr  .         Reflect  .     (gloves unavailable)
SustAt .         Harm     .     (boots unavailable)
MR     ++...     NoTele   +     k - amulet of faith {!P}
Stlth  ++++++++..               (no ring)
                                (no ring)

@: very quick, very resistant to hostile enchantments, extraordinarily stealthy
A: unfitting armour, see invisible, herbivore 3, speed 3, slow metabolism 2
a: Quick Charge, Device Surge, Supercharge, Renounce Religion, Evoke
Invisibility


You were in the Dungeon.
You worshipped Pakellas.
Pakellas was exalted by your worship.
You were not hungry.

You visited 1 branch You collected 472 gold pieces.


Innate Abilities, Weirdness & Mutations

You are tiny and cannot use many weapons and most armour.
You have supernaturally acute eyesight.
You are a herbivore.
You cover ground extremely quickly.
You need consume almost no food.


   Skills:
 - Level 8.0 Fighting
   Level 1.1 Short Blades
 * Level 7.2 Staves
 - Level 14.9 Dodging
 - Level 16.0 Stealth
 - Level 7.5 Shields
 + Level 25.6 Evocations


You had 11 spell levels left.
You didn't know any spells.

Inventory:

Hand Weapons
 a - a +3 lajatang of speed
   (You took it off Agnes in the Dungeon)
 b - a +0 demon whip of electrocution
   (You took it off a spriggan defender in the Dungeon)
 z - a +2 demon trident of flaming
   (You found it in the Dungeon)
Armour
 x - a +0 buckler
 y - a +2 robe (worn)
 A - a +1 cloak of invisibility (worn)
   (You found it in the Dungeon)
Rods
 q - a +4 lightning rod (3/9) (in hand) {!a@w1}
   (Pakellas gifted it to you in the Dungeon)
Jewellery
 k - an amulet of faith (around neck) {!P}
Wands
 c - a wand of flame (3/48)
 d - a wand of enslavement (13/24)
 e - a wand of random effects (6/48)
 o - a wand of heal wounds (4/9) {!d}
 p - a wand of acid (0/15)
 v - a wand of hasting (2/9) {!d}
Scrolls
 l - a scroll of blinking
 t - a scroll of fog {unknown}
Potions
 g - a potion of curing
 h - a potion of heal wounds {!q}
 i - a potion of haste {!q}
 j - 2 potions of magic {!q}
 r - a potion of brilliance {unknown}
 u - a potion of lignification {unknown}
Books
 f - a book of Envenomations

   Spells                             Type                      Level
   a - Spider Form                    Transmutation/Poison         3
   b - Olgreb's Toxic Radiance        Poison                       4
   c - Alistair's Intoxication        Transmutation/Poison         5
   d - Poisonous Cloud                Conjuration/Poison/Air       6
 w - a book of Changes

   Spells                             Type                      Level
   a - Beastly Appendage              Transmutation                1
   b - Sticks to Snakes               Transmutation                2
   c - Spider Form                    Transmutation/Poison         3
   d - Ice Form                       Ice/Transmutation            4
   e - Blade Hands                    Transmutation                5
Comestibles
 n - 8 royal jellies


Message History

You start waiting.
Your lightning rod {!a@w1} has recharged.
You start waiting.
Your magical contamination has completely faded away.
Done waiting.
Unknown command. 2 spriggan defenders come into view.
A spriggan druid comes into view. It is wielding a quarterstaff.
The helpless spriggan defender fails to defend itself.
You slice the spriggan defender!!
The spriggan defender is moderately wounded.
The spriggan defender hits you with an enchanted quick blade!
The spriggan defender hits you with an enchanted quick blade!!
You take 29 damage.
Here: a spriggan defender, wielding an enchanted quick blade, wearing a robe and wearing a buckler (moderately wounded)
The floor, spattered with blood.
Unknown command.
Wield which item (- for none, * to show all)? (? for menu, Esc to quit)
q - a +4 lightning rod (9/9) (in hand) {!a@w1} The spriggan defender misses you.
Aiming: Thunderbolt
Aim: a spriggan defender, wielding a flail of crushing, wearing a robe and wearing a buckler The lightning misses the spriggan defender.
The lightning hits the spriggan defender.
The spriggan defender is moderately wounded.
The spriggan defender completely misses you.
Aiming: Thunderbolt
Aim: a spriggan defender, wielding a flail of crushing, wearing a robe and wearing a buckler (moderately wounded)
The lightning hits the spriggan defender.
The spriggan defender is moderately wounded.
The lightning hits the spriggan defender.
The spriggan defender is moderately wounded.
The spriggan defender hits you with a flail of crushing!
* * * LOW HITPOINT WARNING * * *
x2 The spriggan defender completely misses you.
You take 15 damage.
Aiming: Thunderbolt
Aim: a spriggan defender, wielding a flail of crushing, wearing a robe and wearing a buckler (moderately wounded)
Okay, then.
The spriggan defender completely misses you.
Aiming: Thunderbolt
Aim: a spriggan defender, wielding a flail of crushing, wearing a robe and wearing a buckler (moderately wounded)
The lightning hits the spriggan defender.
The spriggan defender is heavily wounded.
The lightning hits the spriggan defender.
The spriggan defender is heavily wounded.
The spriggan defender hits you with a flail of crushing!!
* * * LOW HITPOINT WARNING * * *
You die...
Pakellas says: Time to start the next experiment...

.♣..♣....▒▒▒
♣).....♣...♣▒▒▒
.♣.....∩.∩[..)▒
▒▒▒▒▒▒▒▒▒▒▒▒▒▒▒ ▒▒▒
▒▒▒▒▒▒▒ ∩∩▒▒▒.....▒▒▒
..▒▒...P..'†▒
..'...[)."▒▒▒
▒▒▒▒▒▒▒▒▒▒▒▒▒▒
▒............▒▒▒▒▒▒▒▒▒
'............'..@ii..▒
▒............▒▒▒▒▒▒▒.▒
▒▒▒▒▒▒▒▒▒▒▒▒▒▒▒▒▒▒▒▒.▒
.♣..♣..♣..♣..♣..▒
..i.............▒
.♣..♣..♣..♣..♣..▒
▒▒▒▒▒▒▒▒▒▒▒▒▒


You could see 2 spriggan defenders.

Vanquished Creatures
  Agnes (D)
  A ghost moth (D)
  A spriggan defender (D)
  2 spriggan berserkers (D)
  A spriggan druid (D)
  23 oklob plants (D)
  2 burning bushes (D)
  3 demonic crawlers (D)
  A queen bee (D)
  3 wandering mushrooms (D)
  6 wasps (D)
  2 scorpions (D)
  4 killer bees (D)
  5 oklob saplings (D)
  2 worker ants (D)
  8 spriggans (D)
  A river rat (D)
  A rat (D)
  3 ballistomycetes (D)
  2 giant spores (D)
72 creatures vanquished.

Vanquished Creatures (others)
  A bush (D)
  A fungus (D)
2 creatures vanquished.

Grand Total: 74 creatures vanquished

Notes
Turn   | Place    | Note
--------------------------------------------------------------
     0 | D        | sorlin the Spriggan Artificer began the quest for the Orb.
     0 | D        | Reached XP level 1. HP: 9/9 MP: 4/4
     8 | D        | Reached skill level 6 in Stealth
     8 | D        | Reached XP level 2. HP: 14/14 MP: 6/6
    49 | D        | Noticed an oklob sapling
    50 | D        | Killed an oklob sapling
    50 | D        | Reached skill level 9 in Stealth
    50 | D        | Reached XP level 3. HP: 17/17 MP: 7/7
    54 | D        | Reached skill level 11 in Stealth
    80 | D        | Found a snail-covered altar of Cheibriados.
    80 | D        | Found a glowing silver altar of Zin.
    80 | D        | Found a white marble altar of Elyvilon.
    80 | D        | Found a viscous altar of Jiyva.
    80 | D        | Found a radiant altar of Vehumet.
    80 | D        | Found a deep blue altar of Sif Muna.
    80 | D        | Found an ancient bone altar of Kikubaaqudgha.
    80 | D        | Found a bloodstained altar of Trog.
    80 | D        | Found a corrupted altar of Lugonu.
    80 | D        | Noticed an oklob sapling priest
    81 | D        | Found a burning altar of Makhleb.
    81 | D        | Found an oddly glowing altar of Pakellas.
    81 | D        | Found a sacrificial altar of Ru.
    82 | D        | Found a glowing golden altar of the Shining One.
    82 | D        | Found a sparkling altar of Nemelex Xobeh.
    83 | D        | Found a shadowy altar of Dithmenos.
    84 | D        | Found a shimmering altar of Xom.
    84 | D        | Found an iron altar of Okawaru.
    85 | D        | Found an opulent altar of Gozag.
    86 | D        | Found a roughly hewn altar of Beogh.
    86 | D        | Found a basalt altar of Yredelemnul.
    87 | D        | Killed an oklob sapling priest
    87 | D        | Reached skill level 13 in Stealth
    87 | D        | Reached XP level 4. HP: 21/21 MP: 5/8
    88 | D        | Found a stormy altar of Qazlal.
    90 | D        | Became a worshipper of Pakellas the Inventive
   100 | D        | Reached skill level 14 in Stealth
   100 | D        | Reached XP level 5. HP: 25/25 MP: 6/9
   105 | D        | Reached skill level 15 in Stealth
   109 | D        | HP: 7/25 [spriggan/dagger (8)]
   110 | D        | Reached * piety under Pakellas
   110 | D        | Reached skill level 16 in Stealth
   111 | D        | Reached skill level 7 in Evocations
   336 | D        | Found Tocal's Armour Shop.
   337 | D        | Found Agiac's General Store.
   346 | D        | Noticed a burning bush
   346 | D        | Noticed a wandering mushroom
   347 | D        | Noticed a wandering mushroom
   350 | D        | Killed a burning bush
   350 | D        | Reached skill level 12 in Evocations
   350 | D        | Reached XP level 6. HP: 29/29 MP: 9/16
   351 | D        | Reached ** piety under Pakellas
   351 | D        | Received a gift from Pakellas
   351 | D        | Reached skill level 13 in Evocations
   351 | D        | Reached XP level 7. HP: 32/32 MP: 10/17
   352 | D        | Killed a wandering mushroom
   352 | D        | Reached skill level 15 in Evocations
   354 | D        | Killed a wandering mushroom
   354 | D        | Reached skill level 16 in Evocations
   361 | D        | Found Gueher's Magic Scroll Emporium.
   361 | D        | Found Kimang's Assorted Antiques.
   416 | D        | Noticed a queen bee
   536 | D        | Killed a queen bee
   536 | D        | Reached skill level 17 in Evocations
   536 | D        | Reached XP level 8. HP: 37/37 MP: 9/21
   537 | D        | Reached *** piety under Pakellas
   540 | D        | Reached skill level 18 in Evocations
   541 | D        | Reached **** piety under Pakellas
   541 | D        | Received a gift from Pakellas
   547 | D        | Noticed an oklob plant
   550 | D        | Killed an oklob plant
   550 | D        | Reached skill level 19 in Evocations
   562 | D        | Noticed a burning bush
   568 | D        | Killed a burning bush
   568 | D        | Reached skill level 20 in Evocations
   755 | D        | Noticed a burning bush
   755 | D        | Noticed an oklob plant
   758 | D        | Noticed a wandering mushroom
   767 | D        | HP: 10/37 [acid (9)]
   769 | D        | Killed an oklob plant
   769 | D        | Reached skill level 2 in Fighting
   769 | D        | Reached skill level 4 in Dodging
   769 | D        | Reached XP level 9. HP: 12/42 MP: 17/24
   773 | D        | Reached skill level 5 in Dodging
   881 | D        | Noticed a spriggan druid
   882 | D        | Killed a spriggan druid
   882 | D        | Reached skill level 3 in Fighting
   882 | D        | Reached skill level 7 in Dodging
   882 | D        | Reached skill level 21 in Evocations
   997 | D        | Noticed an oklob plant conjurer
   998 | D        | Killed an oklob plant conjurer
   998 | D        | Reached skill level 4 in Fighting
  1024 | D        | Noticed an oklob plant
  1024 | D        | Noticed an oklob plant summoner
  1025 | D        | Noticed an oklob plant shifter
  1030 | D        | Killed an oklob plant
  1030 | D        | Reached skill level 8 in Dodging
  1033 | D        | Killed an oklob plant summoner
  1035 | D        | Killed an oklob plant shifter
  1035 | D        | Reached skill level 5 in Fighting
  1035 | D        | Reached skill level 9 in Dodging
  1035 | D        | Reached skill level 22 in Evocations
  1035 | D        | Reached XP level 10. HP: 51/51 MP: 22/26
  1054 | D        | Noticed a spriggan rider
  1055 | D        | Found Cathynki's Jewellery Emporium.
  1058 | D        | Reached ***** piety under Pakellas
  1059 | D        | Found Leedead's Book Shoppe.
  1061 | D        | Reached skill level 10 in Dodging
  1064 | D        | Reached skill level 6 in Fighting
  1330 | D        | Noticed Agnes
  1332 | D        | Found Eduusule's Distillery.
  1332 | D        | Noticed a spriggan berserker
  1334 | D        | Found Vocuiq's Antique Weapon Shoppe.
  1349 | D        | Killed Agnes
  1349 | D        | Reached skill level 11 in Dodging
  1349 | D        | Reached skill level 3 in Shields
  1349 | D        | Reached skill level 23 in Evocations
  1392 | D        | Killed a spriggan berserker
  1392 | D        | Reached ****** piety under Pakellas
  1392 | D        | Reached skill level 4 in Shields
  1404 | D        | Noticed a spriggan defender
  1417 | D        | Killed a spriggan defender
  1417 | D        | Reached skill level 12 in Dodging
  1417 | D        | Reached skill level 5 in Shields
  1417 | D        | Reached XP level 11. HP: 53/56 MP: 27/27
  1445 | D        | Noticed a spriggan rider
  1857 | D        | Noticed a ghost moth
  1859 | D        | Found Nyjez's Gadget Emporium.
  1859 | D        | Found Jabbups's Book Boutique.
  1859 | D        | Found Miewost's General Store.
  1863 | D        | Reached skill level 6 in Shields
  1863 | D        | Reached skill level 24 in Evocations
  1870 | D        | Killed a ghost moth
  1870 | D        | Received a gift from Pakellas
  1870 | D        | Reached skill level 13 in Dodging
  1903 | D        | Noticed an oklob plant meteorologist
  1904 | D        | Noticed an oklob plant shifter
  1915 | D        | HP: 11/56 [acid (12)]
  1916 | D        | Killed an oklob plant meteorologist
  2174 | D        | Killed an oklob plant shifter
  2174 | D        | Reached skill level 7 in Shields
  2181 | D        | Noticed a spriggan rider
  2197 | D        | HP: 13/58 [demonic crawler (6)]
  2198 | D        | Killed a spriggan rider
  2221 | D        | Reached skill level 7 in Fighting
  2610 | D        | Noticed an oklob plant summoner
  2612 | D        | Found Toffam's Antique Armour Emporium.
  2613 | D        | Found Wameimorph's General Store.
  2621 | D        | Killed an oklob plant summoner
  2621 | D        | Reached skill level 14 in Dodging
  2759 | D        | Noticed an oklob plant demonologist
  2759 | D        | Noticed an oklob plant annihilator
  2863 | D        | Noticed a spriggan berserker
  2870 | D        | Killed a spriggan berserker
  2870 | D        | Killed an oklob plant annihilator
  2879 | D        | Noticed a soul eater
  2884 | D        | HP: 12/59 [acid (12)]
  2885 | D        | Killed an oklob plant demonologist
  2885 | D        | Reached skill level 8 in Fighting
  3484 | D        | Found Muvue's General Store.
  3484 | D        | Found Baappoaxt's Armour Boutique.
  3484 | D        | Found Syitag's Book Emporium.
  3485 | D        | Found Yxajack's Antique Weapon Emporium.
  3485 | D        | Found Byuriez's Assorted Antiques.
  3485 | D        | Found Borar's Gadget Shoppe.
  3485 | D        | Found Sustragih's General Store.
  3485 | D        | Found Haownadgh's Armour Boutique.
  3508 | D        | Noticed an oklob plant
  3508 | D        | Noticed an oklob plant
  3508 | D        | Noticed an oklob plant
  3508 | D        | Noticed an oklob plant
  3508 | D        | Noticed an oklob plant
  3508 | D        | Noticed an oklob plant
  3509 | D        | Noticed an oklob plant
  3516 | D        | Killed an oklob plant
  3516 | D        | Reached skill level 1 in Staves
  3517 | D        | Noticed an oklob plant
  3530 | D        | Killed an oklob plant
  3530 | D        | Reached skill level 2 in Staves
  3531 | D        | Noticed an oklob plant
  3538 | D        | Killed an oklob plant
  3538 | D        | Reached skill level 3 in Staves
  3538 | D        | Reached skill level 25 in Evocations
  3539 | D        | Noticed an oklob plant
  3553 | D        | Killed an oklob plant
  3553 | D        | Reached skill level 4 in Staves
  3775 | D        | Noticed an oklob plant
  3791 | D        | Killed an oklob plant
  4044 | D        | Noticed an oklob plant
  4061 | D        | Killed an oklob plant
  4061 | D        | Reached skill level 5 in Staves
  4176 | D        | Killed an oklob plant
  4176 | D        | Reached XP level 12. HP: 64/64 MP: 25/29
  4177 | D        | Reached skill level 6 in Staves
  4388 | D        | Reached skill level 7 in Staves
  4575 | D        | Noticed a spriggan defender
  4575 | D        | Noticed a spriggan defender
  4601 | D        | HP: 2/64 [spriggan defender/flail of crushing (20)]
  4601 | D        | Slain by a spriggan defender

Vault maps used:
D:        dungeon_sprint_fedhas

Action                   |  1- 3 |  4- 6 |  7- 9 | 10-12 || total
-------------------------+-------+-------+-------+-------++-------
Melee: Short sword       |     5 |     7 |    42 |     7 ||    61
       Lajatang          |       |       |       |   124 ||   124
 Abil: Evoke Invisibilit |     1 |       |     4 |    10 ||    15
Evoke: Wand              |       |     4 |     6 |    21 ||    31
       Rod               |       |       |       |    24 ||    24
  Use: Potion            |     1 |       |       |       ||     1
 Stab: Sleeping          |     3 |     3 |    13 |    13 ||    32
       Confused          |       |     1 |       |       ||     1
       Invisible         |       |       |     6 |    29 ||    35
  Eat: Bread ration      |       |       |     1 |       ||     1
       Fruit             |       |       |       |     2 ||     2
       Royal jelly       |       |       |       |     2 ||     2
